 Dungeon Crawl Stone Soup version 0.30-a0-23-ge60ba3568b (webtiles) character file.

Game seed: 6136486313278218697

10111 Pilot the Blocker (level 11, -2/109 HPs)
             Began as a Troll Fighter on Aug 25, 2022.
             Was an Initiate of Gozag.
             Slain by a komodo dragon (11 damage)
             ... on level 1 of the Lair of Beasts.
             The game lasted 01:32:35 (10472 turns).

Pilot the Blocker (Troll Fighter)                  Turns: 10472, Time: 01:32:36

Health: -2/109     AC:  6    Str: 39 (40) XL:     11   Next: 31%
Magic:  14/14      EV: 10    Int:  5 (10) God:    Gozag
Gold:   86         SH: 14    Dex:  8 (11) Spells: 14/16 levels left

rFire   + . .      SeeInvis .    N - +6 spear (venom)
rCold   + . .      Faith    .    c - +0 kite shield
rNeg    . . .      Spirit   .    D - +2 robe of the Saviour {rCorr Str+8 Dex-2 Stlth-}
rPois   .          Reflect  +    (helmet restricted)
rElec   .          Harm     .    Q - scarf {rC+ rF+}
rCorr   +          Rampage  .    (gloves unavailable)
Will    .....                    (boots unavailable)
Stlth   ..........               i - amulet of reflection
HPRegen 1.08/turn                S - +6 ring of strength
MPRegen 0.14/turn                V - +6 ring of intelligence

@: lethally poisoned (-2 -> -6), attractive, studying Staves
A: large, unfitting armour, claws 3, regeneration 1, shaggy fur 1, tough skin 1,
mutation resistance 1
a: Renounce Religion, Potion Petition, Call Merchant, Bribe Branch


You were on level 1 of the Lair of Beasts.
You worshipped Gozag.
Gozag was noncommittal.
You visited 2 branches of the dungeon, and saw 10 of its levels.
You also visited: Ossuary.

You collected 1824 gold pieces.
You spent 1122 gold pieces at shops.
You paid 616 gold pieces to Gozag.

Inventory:

Hand Weapons
 q - a +2 short sword of protection
 u - a +5 dagger of draining
 z - a +1 halberd of flaming
 F - the +5 shortbow of the Morning {freeze, rCorr MP+9 Int+5 Stlth-}
   (You found it on level 8 of the Dungeon)

   Any ammunition fired from it freezes those it strikes, dealing additional
   cold damage.
   It can also slow down cold-blooded creatures.
   Int:       It affects your intelligence (+5).
   MP:        It affects your magic capacity (+9).
   rCorr:     It protects you from acid and corrosion.
   Stlth:     It makes you less stealthy.
 M - a +5 trident
 N - a +6 spear of venom (weapon)
Missiles
 A - a boomerang
 U - 3 throwing nets
 Y - 3 javelins
Armour
 b - a +2 robe of cold resistance
 c - a +0 kite shield (worn)
 e - a +0 cloak
 D - the +2 robe of the Saviour (worn) {rCorr Str+8 Dex-2 Stlth-}
   (You found it on level 6 of the Dungeon)

   Str:       It affects your strength (+8).
   Dex:       It affects your dexterity (-2).
   rCorr:     It protects you from acid and corrosion.
   Stlth:     It makes you less stealthy.
 G - a +1 robe of fire resistance
 Q - a scarf of resistance (worn)
Magical Staves
 f - a staff of earth
Jewellery
 h - an amulet of magic regeneration
 i - an amulet of reflection (around neck)
 H - the ring "Raixye" {Fire Int+4 Dex-2}
   (You found it on level 8 of the Dungeon)

   [ring of fire]

   It enhances your fire magic.
   Int:       It affects your intelligence (+4).
   Dex:       It affects your dexterity (-2).
   rF:        It protects you from fire.
   rC:        It makes you vulnerable to cold.
 J - a +6 ring of dexterity
 S - a +6 ring of strength (left claw)
 V - a +6 ring of intelligence (right claw)
Wands
 j - a wand of light (9)
 C - a wand of roots (8)
 K - a wand of digging (12)
 Z - a wand of mindburst (10)
Scrolls
 d - 2 scrolls of teleportation {unknown}
 g - 3 scrolls of identify
 k - 3 scrolls of poison
 m - 3 scrolls of fog
 o - a scroll of silence {unknown}
 p - 5 scrolls of magic mapping
 r - a scroll of enchant armour {unknown}
 t - 2 scrolls of immolation {unknown}
 y - 2 scrolls of amnesia {unknown}
 E - a scroll of noise {unknown}
 O - a scroll of torment {unknown}
 P - a scroll of vulnerability {unknown}
 R - a scroll of brand weapon {unknown}
 T - a scroll of enchant weapon {unknown}
 X - a scroll of acquirement {unknown}
Potions
 l - a potion of attraction
 n - 2 potions of haste
 s - a potion of lignification
 v - 3 potions of brilliance
 w - a potion of magic {unknown}
 x - a potion of flight {unknown}
 B - a potion of berserk rage {unknown}
 W - a potion of invisibility {unknown}
Miscellaneous
 I - a box of beasts


   Skills:
 + Level 7.4 Fighting
 - Level 4.7 Short Blades
 - Level 1.7(3.3) Maces & Flails
 + Level 4.6(5.4) Polearms
 - Level 4.1(5.2) Staves
 + Level 1.0 Ranged Weapons
 + Level 7.4 Dodging
 + Level 8.1 Shields
 + Level 3.3 Spellcasting


You had 14 spell levels left.
You knew the following spells:

 Your Spells              Type           Power      Damage    Failure   Level
a - Passwall              Tmut/Erth      0%         N/A       75%         2

Your spell library contained the following spells:

 Spells                   Type           Power      Damage    Failure   Level
 Magic Dart               Conj           0%         1d3       61%         1
 Sandblast                Erth           0%         2d4       61%         1
 Searing Ray              Conj           0%         2d4       75%         2
 Static Discharge         Conj/Air       0%         3-3/arc   75%         2
 Call Canine Familiar     Summ           0%         N/A       93%         3
 Portal Projectile        Hex/Tloc       0%         N/A       93%         3
 Stone Arrow              Conj/Erth      0%         3d7       93%         3
 Dispel Undead            Necr           0%         3d6       100%        4
 Fulminant Prism          Conj/Hex       0%         3d6       100%        4
 Leda's Liquefaction      Hex/Erth       0%         N/A       100%        4
 Passage of Golubria      Tloc           0%         N/A       100%        4
 Sticky Flame             Conj/Fire      0%         2d3       100%        4
 Lee's Rapid Deconstruct  Erth           0%         3d5*      100%        5
 Silence                  Hex/Air        0%         N/A       100%        5
 Statue Form              Tmut/Erth      0%         N/A       100%        6
 Lehudib's Crystal Spear  Conj/Erth      0%         10d2      100%        8


Dungeon Overview and Level Annotations

Branches:
Dungeon (9/15)             Temple (0/1) D:5            Lair (1/5) D:8
Ossuary (visited)
    Orc: D:9-12

Altars:
Fedhas
Gozag
Nemelex Xobeh
Okawaru
Qazlal
Trog
Xom

Shops:
D:7 =


Innate Abilities, Weirdness & Mutations

You are too large for most types of armour.
You have claws for hands.
Your natural rate of healing is unusually fast.
You are covered in fur. (AC +1)
You have tough skin. (AC +1)
You are somewhat resistant to further mutation.


Message History

You now have 86 gold pieces (gained 18).
A cane toad comes into view.
The cane toad croaks.
You hear an angry hiss.
The cane toad moves out of view.
A komodo dragon comes into view.
The cane toad attacks as you move away! You block the cane toad's attack.
The cane toad attacks as you move away! The cane toad misses you.
You barely miss the cane toad. You block the cane toad's attack.
You barely miss the cane toad. The cane toad stings you.
You barely miss the cane toad. The cane toad stings you!!
The cane toad barely misses you.
You hit the cane toad but do no damage. You block the cane toad's attack.
You closely miss the cane toad.
The cane toad stings you but does no damage.
The komodo dragon attacks as you move away!
The komodo dragon bites you! You block the cane toad's attack.
The komodo dragon attacks as you move away!
The komodo dragon barely misses you. The cane toad attacks as you move away!
The cane toad stings you! The komodo dragon bites you!!
You barely miss the cane toad. You block the cane toad's attack.
The komodo dragon bites you but does no damage.
You block the cane toad's attack.
You puncture the cane toad!
The cane toad is moderately wounded.
You block the komodo dragon's attack. You block the cane toad's attack.
You puncture the cane toad!
The cane toad is moderately wounded.
You block the komodo dragon's attack. The cane toad stings you!!
You barely miss the komodo dragon. The cane toad stings you!
You are poisoned.
The cane toad poisons you! The komodo dragon bites you!!
* * * LOW HITPOINT WARNING * * *
It was a potion of attraction.
You feel attractive to monsters.
You feel very sick. You block the cane toad's attack.
The komodo dragon bites you!
You die...
Your body crumbles into a pile of gold.

.......................##
..##....................##
#########................#
##.............>.#
#...#............##
#...................#
#...^...............#
#...#......lF.......P#
..[####.....@#.......##
...# #........<.....# ..#
####......#.#.##
#.......##### ####....#
#.P..# ####.## #.[.#
###.##


You could see a komodo dragon and a cane toad.

Vanquished Creatures
  Harold (D:9)
  2 boulder beetles
  A satyr (shapeshifter) (D:7)
  A lindwurm (Lair:1)
  A deep elf pyromancer (D:8)
  An ugly thing (D:7)
  A cyclops (D:9)
  Joseph (D:7)
  A komodo dragon (D:7)
  Prince Ribbit (D:7)
  A spriggan (shapeshifter) (D:9)
  A wyvern (D:9)
  A yak (D:8)
  3 wraiths
  A basilisk (D:7)
  3 steam dragons
  2 water moccasins (D:7)
  8 black bears
  3 orc warriors
  3 sky beasts (D:8)
  2 ogres
  A centaur (D:9)
  2 phantoms
  4 bullfrogs
  A gnoll sergeant (D:5)
  A necrophage (D:6)
  8 wights
  3 killer bees (D:9)
  5 electric eels
  2 howler monkeys (D:9)
  2 jellies (D:6)
  A hound (D:7)
  4 orc priests
  4 iguanas
  5 orc wizards
  A mummy (Ossuary)
  15 gnolls
  9 adders
  A white imp (D:7)
  2 ufetubi
  3 dart slugs
  21 orcs
  8 ball pythons
  4 endoplasms
  5 giant cockroaches
  6 goblins
  5 hobgoblins
  3 jackals (D:4)
  2 quokkas
  3 bats
  3 frilled lizards
  6 gnoll skeletons (Ossuary)
  7 kobolds
  3 kobold skeletons (Ossuary)
  16 orc skeletons (Ossuary)
  2 rats
  A bush (D:3)
208 creatures vanquished.

Vanquished Creatures (others)
  A gnoll (D:8)
  A bush (D:9)
  40 fungi (D:8)
  36 plants
78 creatures vanquished.

Grand Total: 286 creatures vanquished

Notes
Turn   | Place    | Note
-------+----------+-------------------------------------------
     0 | D:1      | Pilot the Troll Fighter began the quest for the Orb.
     0 | D:1      | Reached XP level 1. HP: 22/22 MP: 0/0
   279 | D:1      | Reached XP level 2. HP: 29/29 MP: 1/1
   868 | D:2      | Reached skill level 3 in Shields
  1057 | D:2      | Reached XP level 3. HP: 36/36 MP: 2/2
  1683 | D:3      | Found an opulent altar of Gozag.
  1711 | D:3      | Became a worshipper of Gozag Ym Sagoz the Greedy
  1872 | D:3      | Reached XP level 4. HP: 39/45 MP: 3/3
  2537 | D:4      | Noticed a black bear
  2553 | D:4      | Killed a black bear
  2554 | D:4      | Reached skill level 1 in Staves
  2554 | D:4      | Reached XP level 5. HP: 17/53 MP: 4/4
  2653 | D:4      | Noticed a black bear
  2667 | D:4      | Killed a black bear
  2668 | D:4      | Reached skill level 1 in Short Blades
  2668 | D:4      | Reached XP level 6. HP: 35/61 MP: 5/5
  2917 | D:4      | Reached skill level 4 in Shields
  3332 | D:5      | Entered Level 5 of the Dungeon
  3335 | D:5      | Found a staircase to the Ecumenical Temple.
  3376 | D:5      | Found a sand-covered staircase.
  3384 | Ossuary  | Entered an ossuary
  3384 | Ossuary  | Noticed a wraith
  3384 | Ossuary  | Noticed a wraith
  3384 | Ossuary  | Noticed a wraith
  3584 | Ossuary  | Noticed a wraith
  3603 | Ossuary  | Gained mutation: You are partially covered in iridescent
                  | scales. (AC +2) [potion of mutation]
  3603 | Ossuary  | Gained mutation: You are mostly covered in iridescent
                  | scales. (AC +4) [potion of mutation]
  3612 | Ossuary  | Killed a wraith
  3613 | Ossuary  | Reached XP level 7. HP: 11/70 MP: 6/6
  3915 | D:5      | HP: 1/70 [gnoll/+0 whip[a gnoll sergeant] (4)]
  4397 | D:6      | Noticed a steam dragon
  4427 | D:6      | Killed a steam dragon
  4508 | D:6      | Reached XP level 8. HP: 77/79 MP: 7/7
  4690 | D:4      | Reached skill level 5 in Shields
  4788 | D:4      | Lost mutation: You are mostly covered in iridescent scales.
                  | (AC +4) [potion of mutation]
  4788 | D:4      | Lost mutation: You are partially covered in iridescent
                  | scales. (AC +2) [potion of mutation]
  4788 | D:4      | Gained mutation: You are partially covered in large bone
                  | plates. (SH +4) [potion of mutation]
  4788 | D:4      | Gained mutation: You are strong-willed. (Will+) [potion of
                  | mutation]
  5064 | D:6      | Identified the +2 robe of the Saviour {rCorr Str+8 Dex-2
                  | Stlth-}
  5173 | D:6      | Found a stormy altar of Qazlal.
  5241 | D:6      | Found an iron altar of Okawaru.
  5532 | D:6      | Reached skill level 5 in Fighting
  5532 | D:6      | Reached skill level 5 in Dodging
  6006 | D:7      | Noticed Joseph
  6055 | D:7      | Killed Joseph
  6056 | D:7      | Reached skill level 6 in Shields
  6056 | D:7      | Reached XP level 9. HP: 63/88 MP: 8/8
  6363 | D:7      | Noticed Prince Ribbit
  6374 | D:7      | Killed Prince Ribbit
  6688 | D:7      | Learned a level 2 spell: Passwall
  6754 | D:7      | Reached skill level 1 in Polearms
  6771 | D:7      | Found a shimmering altar of Xom.
  7006 | D:8      | Noticed a komodo dragon
  7034 | D:7      | Killed a komodo dragon
  7096 | D:7      | Reached skill level 1 in Spellcasting
  7125 | D:8      | Noticed a deep elf pyromancer
  7164 | D:8      | Noticed a cyan ugly thing
  7165 | D:8      | Killed a deep elf pyromancer
  7166 | D:8      | Found a staircase to the Lair.
  7313 | D:7      | Killed a cyan ugly thing
  7314 | D:7      | Reached XP level 10. HP: 21/98 MP: 11/11
  7485 | D:8      | Noticed a cyclops
  7522 | D:8      | Reached skill level 7 in Shields
  7550 | D:8      | Noticed a boulder beetle
  7937 | D:9      | Noticed Harold
  7967 | D:9      | HP: 4/145 [Harold/+0 glaive (12)]
  7969 | D:9      | Killed Harold
  8078 | D:8      | Noticed a boulder beetle
  8103 | D:9      | Killed a boulder beetle
  8378 | D:9      | Killed a cyclops
  8824 | D:9      | Found a blossoming altar of Fedhas.
  8879 | D:9      | Reached XP level 11. HP: 85/109 MP: 14/14
  9280 | D:8      | Noticed an orb spider
  9349 | D:8      | Identified the +5 shortbow of the Morning {freeze, rCorr
                  | MP+9 Int+5 Stlth-}
  9374 | D:8      | Noticed an ettin
  9425 | D:8      | Noticed an alligator
  9475 | D:8      | Killed a boulder beetle
  9476 | D:8      | Reached skill level 8 in Shields
  9609 | D:8      | Noticed a spark wasp
  9623 | D:7      | Noticed a six-headed hydra
  9623 | D:7      | a spark wasp changed into a six-headed hydra
  9717 | D:7      | Noticed a satyr
  9729 | D:7      | Killed a satyr
  9837 | D:7      | Bought an amulet of reflection for 510 gold pieces
  9978 | D:8      | Found a bloodstained altar of Trog.
 10019 | D:8      | Identified the ring "Raixye" {Fire Int+4 Dex-2}
 10167 | D:8      | Found a sparkling altar of Nemelex Xobeh.
 10338 | D:7      | Bought a +6 ring of dexterity for 612 gold pieces
 10338 | D:7      | Lost mutation: You are partially covered in large bone
                  | plates. (SH +4) [potion of mutation]
 10338 | D:7      | Lost mutation: You are strong-willed. (Will+) [potion of
                  | mutation]
 10338 | D:7      | Gained mutation: You are somewhat resistant to further
                  | mutation. [potion of mutation]
 10356 | Lair:1   | Entered Level 1 of the Lair of Beasts
 10356 | Lair:1   | Noticed a lindwurm
 10367 | Lair:1   | Killed a lindwurm
 10368 | Lair:1   | Reached skill level 1 in Ranged Weapons
 10472 | Lair:1   | Slain by a komodo dragon

Illustrated notes

Levels and vault maps discovered:
D:1:      matt_arrival_diagonals, layout_loops_corners
D:2:      layout_loops_cross, st_stairs_1
D:3:      layout_basic, nicolae_gozag_cash_rules_everything_around_me,
          minmay_hedge_maze, minmay_distorted
D:4:      layout_basic, minmay_curled_crystal
D:5:      layout_cave_pools, minmay_temple_entry_proselytizer,
          nicolae_ossuary_entry_plus
D:6:      minmay_general_purpose_star, layout_loops_corners,
          nicolae_qazlal_scattered_showers, okawaru_gym_becter
D:7:      layout_rooms, old_standard_altar, water_boxes_lemuel,
          uniq_prince_ribbit1, uniq_joseph
D:8:      minmay_cut_squares, layout_cave_pools, mainiacjoe_overflow_alcove_4,
          overflow_temple_1_default, due_lair_maze_entry_diamond
D:9:      layout_basic, fedhas_bush_and_centaur_altar, uniq_harold
Lair:1:   dreamdust_cave_troll, layout_cave_pods, serial_bayou_shore_a

Skill      XL: |  1  2  3  4  5  6  7  8  9 10 11 |
---------------+----------------------------------+-----
Shields        | 3 4 6 7 8 |  8.1
Dodging        | 3 4 5 6 7 |  7.4
Fighting       | 3 4 5 6 7 |  7.4
Staves         | 1 2 3 4 |  4.1
Short Blades   | 1 2 4 |  4.7
Polearms       | 2 4 |  4.6
Spellcasting   | 1 3 |  3.3
Ranged Weapons | 1 |  1.0
Maces & Flails | |  1.7

Action                   |  1- 3 |  4- 6 |  7- 9 | 10-12 || total
-------------------------+-------+-------+-------+-------++-------
Melee: Flail             |   195 |       |       |       ||   195
       Short sword       |    23 |    97 |       |       ||   120
       Dagger            |       |   105 |   283 |       ||   388
       Spear             |       |       |    97 |   319 ||   416
 Fire: Sling             |       |       |     3 |       ||     3
Throw: Javelin           |       |       |       |     3 ||     3
Invok: Call Merchant     |       |       |       |     1 ||     1
Evoke: Wand              |       |     5 |     3 |       ||     8
  Use: Potion            |       |     2 |     7 |     4 ||    13
       Scroll            |       |     1 |     9 |     1 ||    11
 Stab: Invisible         |       |     4 |       |       ||     4
       Distracted        |       |       |       |     1 ||     1
Armor: Robe              |    83 |    86 |    68 |    62 ||   299
       Skin              |       |       |       |    42 ||    42
Dodge: Dodged            |    48 |    88 |   104 |   117 ||   357
Block: Kite shield       |    80 |    86 |   185 |   236 ||   587

Table legend: (Time is in decaauts)
 A = Elapsed time spent in this place.
 B = Non-inter-level travel time spent in this place.
 C = Inter-level travel time spent in this place.
 D = Time resting spent in this place.
 E = Time spent auto-exploring this place.
 F = Levels seen in this place.
 G = Mean time per level.
                   A        B        C        D        E       F      G
               +--------+--------+--------+--------+--------+-----+--------+
         Total |  10631 |   6999 |   3632 |      0 |   2685 |  11 |  966.5 |
       Dungeon |  10132 |   6555 |   3577 |      0 |   2685 |   9 | 1125.8 |
          Lair |    116 |     61 |     55 |      0 |      0 |   1 |  116.0 |
       Ossuary |    381 |    381 |      0 |      0 |      0 |   1 |  381.0 |
               +--------+--------+--------+--------+--------+-----+--------+

Top non-repeatable levels by time:
     D:7: 1663 daAuts
     D:6: 1465 daAuts
     D:4: 1223 daAuts
     D:9: 1221 daAuts
     D:8: 1140 daAuts
     D:3: 1098 daAuts
     D:1: 823 daAuts
     D:5: 783 daAuts
     D:2: 714 daAuts
 Ossuary: 381 daAuts
  Lair:1: 116 daAuts
